 Dungeon Crawl Stone Soup version 0.26-a0-597-gb535b0901c (webtiles) character file.

Game seed: 17506477957070871992

3537 Ashen the Zephyrmancer (level 10, -13/59 HPs)
             Began as a Tengu Air Elementalist on Sept 11, 2020.
             Was a Priest of Vehumet.
             Mangled by Prince Ribbit (17 damage)
             ... on level 8 of the Dungeon.
             The game lasted 00:28:59 (10986 turns).

Ashen the Zephyrmancer (Tengu Air Elementalist)    Turns: 10986, Time: 00:28:59

Health: -13/59     AC:  3    Str:  8    XL:     10   Next: 8%
Magic:  8/19       EV: 20    Int: 18    God:    Vehumet [***...]
Gold:   947        SH:  7    Dex: 16    Spells: 3/20 levels left

rFire    + . .     SeeInvis .   x - +0 dagger (venom)
rCold    . . .     Faith    +   I - +2 buckler {rF+}
rNeg     . . .     Spirit   .   a - +0 robe
rPois    +         Reflect  .   (helmet restricted)
rElec    .         Harm     .   n - +0 cloak
rCorr    .                      (no gloves)
MR       .....                  (boots unavailable)
Stlth    +++.......             t - amulet of faith
HPRegen  0.19/turn              h - ring of poison resistance
MPRegen  0.16/turn              w - ring of wizardry

@: flying quickly and evasively, quick
A: beak, talons 3, able to fly
a: Stop Flying, Renounce Religion


You were on level 8 of the Dungeon.
You worshipped Vehumet.
Vehumet was most pleased with you.
You visited 2 branches of the dungeon, and saw 9 of its levels.
You visited the Abyss 1 time.

You collected 947 gold pieces.

Inventory:

Hand Weapons
 f - a +1 short sword
 x - a +0 dagger of venom (weapon)
Armour
 a - a +0 robe (worn)
 n - a +0 cloak (worn)
 E - the +2 scale mail of the Thinker {Dex+4, unknown}
   (You found it on level 2 of the Abyss)

   It affects your dexterity (+4).
 I - a +2 buckler of fire resistance (worn)
Jewellery
 h - a ring of poison resistance (left hand)
 s - an uncursed amulet of magic regeneration
 t - an amulet of faith (around neck)
 w - a ring of wizardry (right hand)
 F - an uncursed ring of wizardry
Wands
 g - a wand of flame (31)
 u - a wand of enslavement (3)
 D - a wand of acid (7)
Scrolls
 b - a scroll of immolation
 d - 2 scrolls of teleportation
 k - a scroll of amnesia
 l - 11 scrolls of remove curse
 r - 5 scrolls of identify
 y - a scroll of enchant weapon
 A - a scroll of enchant armour {unknown}
 B - 2 scrolls of fear {unknown}
 C - 2 scrolls of fog {unknown}
 G - a scroll of torment {unknown}
 H - a scroll of magic mapping
Potions
 c - a potion of resistance
 e - a potion of haste {unknown}
 i - 3 potions of heal wounds {unknown}
 j - a potion of mutation {unknown}
 m - 2 potions of degeneration {unknown}
 o - 2 potions of curing {unknown}
 p - a potion of cancellation {unknown}
 q - a potion of brilliance {unknown}
 v - a potion of lignification {unknown}
 z - 2 potions of flight {unknown}
Miscellaneous
 K - a condenser vane (2/2)


   Skills:
 + Level 5.5 Fighting
 + Level 6.5 Dodging
 - Level 5.0 Stealth
 - Level 4.0 Shields
 + Level 5.5 Spellcasting
 + Level 7.6 Conjurations
 + Level 8.5 Air Magic


You had 3 spell levels left.
You knew the following spells:

 Your Spells              Type           Power        Failure   Level
a - Shock                 Conj/Air       ####         1%          1
b - Swiftness             Air            #####...     1%          2
c - Static Discharge      Conj/Air       ####....     1%          3
d - Airstrike             Air            #####.....   1%          4
e - Searing Ray           Conj           ####..       1%          2
f - Lightning Bolt        Conj/Air       ####......   1%          5

Your spell library contained the following spells:

 Spells                   Type           Power        Failure   Level
 Iskenderun's Mystic Bla  Conj/Tloc      ###.....     3%          4
 Sandblast                Erth           #.....       1%          1
 Poisonous Vapours        Pois/Air       ###...       1%          2
 Mephitic Cloud           Conj/Pois/Air  ###.....     1%          3
 Stone Arrow              Conj/Erth      ###...       1%          3
 Ignite Poison            Fire/Tmut/Pois #.......     4%          3
 Sting                    Tmut/Pois      #...         5%          1
 Passwall                 Tmut/Erth      #.......     8%          2
 Olgreb's Toxic Radiance  Pois           #.......     13%         4
 Lee's Rapid Deconstruct  Erth           #.........   32%         5
 Petrify                  Tmut/Erth      #.......     43%         4


Dungeon Overview and Level Annotations

Branches:
Dungeon (8/15)             Temple (1/1) D:5
   Lair: D:8-11

Altars:
Ashenzari
Cheibriados
Dithmenos
Elyvilon
Fedhas
Gozag
Hepliaklqana
Kikubaaqudgha
Nemelex Xobeh
Okawaru
Ru
Sif Muna
Trog
Uskayaw
Vehumet
Wu Jian
Xom
Yredelemnul
Zin
The Shining One

Annotations:
D:8 Grum, Prince Ribbit


Innate Abilities, Weirdness & Mutations

You have a beak for a mouth.
You have claws for feet.
You can fly continuously.


Message History

You are struck by an arc of lightning.
* * * LOW HITPOINT WARNING * * *
The lightning grounds out.
You block Prince Ribbit's attack.
Casting: Static Discharge (safe; 1% risk of failure)
Confirm with . or Enter, or press ? or * to list all spells.
Prince Ribbit is struck by an arc of lightning!
Prince Ribbit is heavily wounded.
You are struck by an arc of lightning.
* * * LOW HITPOINT WARNING * * *
The lightning grounds out.
Prince Ribbit misses you.
Casting: Static Discharge (safe; 1% risk of failure)
Confirm with . or Enter, or press ? or * to list all spells.
Prince Ribbit is struck by an arc of lightning.
Prince Ribbit is heavily wounded.
You are struck by an arc of lightning.
* * * LOW HITPOINT WARNING * * *
The lightning grounds out.
Prince Ribbit hits you!
* * * LOW HITPOINT WARNING * * *
Prince Ribbit hits you!
You die...

#......# #h#....≈≈#
#..gh..# #h#....≈≈#
+......# #.#....≈≈#
##.h....# #.#....≈≈≈
#<..##### #.#....≈≈≈
###########.#.h...P.
. l.................
###############..#
#@...†.....
#F.........
#..........
#....####...
≈...#...# ..#....##
.P ##...# . ..#.#
..≈#.#


You could see Prince Ribbit.

Vanquished Creatures
  A wraith (D:7)
  A yak (D:7)
  Menkaure (D:5)
  3 orc warriors
  A sky beast (D:7)
  2 phantoms
  3 ogres
  2 wolves
  3 centaurs (D:5)
  4 bullfrogs
  2 scorpions
  A water moccasin skeleton (D:6)
  5 killer bees
  A howler monkey (D:7)
  4 hounds
  3 quasits
  3 orc priests
  A centaur skeleton (D:7)
  An iguana (D:4)
  10 orc wizards
  Natasha (thrice) (D:3)
  6 worker ants
  A killer bee zombie (D:6)
  2 hound skeletons (D:4)
  A howler monkey zombie (D:5)
  11 adders
  6 gnolls
  4 white imps
  2 ufetubi
  3 oozes
  An adder zombie (D:2)
  An adder skeleton (D:7)
  2 worms
  3 dart slugs
  6 leopard geckos
  27 orcs
  8 giant cockroaches
  5 goblins
  5 hobgoblins
  7 jackals
  6 kobolds
  2 quokkas (D:6)
  A ball python (D:4)
  9 bats
  4 frilled lizards
  A jackal skeleton (D:7)
  A leopard gecko skeleton (D:8)
  2 quokka zombies
  8 rats
190 creatures vanquished.

Vanquished Creatures (others)
  4 fungi (D:8)
  8 plants (D:8)
12 creatures vanquished.

Grand Total: 202 creatures vanquished

Notes
Turn   | Place    | Note
-------+----------+-------------------------------------------
     0 | D:1      | Ashen the Tengu Air Elementalist began the quest for the
                  | Orb.
     0 | D:1      | Reached XP level 1. HP: 10/10 MP: 4/4
    70 | D:1      | Reached XP level 2. HP: 10/15 MP: 0/6
   352 | D:1      | Learned a level 2 spell: Swiftness
   797 | D:1      | Reached XP level 3. HP: 20/20 MP: 3/7
  1339 | D:2      | Learned a level 3 spell: Static Discharge
  1411 | D:2      | Reached skill level 1 in Fighting
  1843 | D:2      | Found a sparkling altar of Nemelex Xobeh.
  1921 | D:2      | Reached XP level 4. HP: 17/25 MP: 6/8
  2117 | D:2      | Found a glowing golden altar of the Shining One.
  2121 | D:2      | Found a radiant altar of Vehumet.
  2123 | D:2      | Found a shattered altar of Ashenzari.
  2149 | D:2      | Found a shimmering altar of Xom.
  2153 | D:2      | Became a worshipper of Vehumet
  2253 | D:3      | Noticed Natasha
  2442 | D:3      | Killed Natasha
  2669 | D:3      | Gained mutation: You can fly continuously. [Tengu growth]
  2669 | D:3      | Reached XP level 5. HP: 26/29 MP: 5/9
  2910 | D:3      | Reached skill level 1 in Shields
  3025 | D:3      | Found a sacrificial altar of Ru.
  3046 | D:3      | Noticed Natasha
  3050 | D:3      | Reached XP level 6. HP: 32/35 MP: 10/10
  3055 | D:3      | Killed Natasha
  3055 | D:3      | Reached * piety under Vehumet
  3055 | D:3      | Offered knowledge of Foxfire by Vehumet.
  3055 | D:3      | Reached skill level 5 in Air Magic
  3262 | D:3      | Noticed Natasha
  3270 | D:3      | Killed Natasha
  3477 | D:3      | Found a hide-covered altar of Uskayaw.
  3910 | D:4      | Reached XP level 7. HP: 40/40 MP: 8/12
  3916 | D:4      | Learned a level 4 spell: Airstrike
  3967 | D:4      | Found a bloodstained altar of Trog.
  4580 | D:5      | Entered Level 5 of the Dungeon
  5021 | D:5      | Found a shimmering blue altar of Sif Muna.
  5444 | D:5      | Noticed Menkaure
  5459 | D:5      | Killed Menkaure
  5459 | D:5      | Reached XP level 8. HP: 46/46 MP: 10/14
  5642 | D:5      | Offered knowledge of Searing Ray by Vehumet.
  5654 | D:4      | Learned a level 2 spell: Searing Ray
  5796 | D:5      | Reached skill level 6 in Air Magic
  6090 | D:5      | Found a staircase to the Ecumenical Temple.
  6099 | D:5      | Reached ** piety under Vehumet
  6099 | D:5      | Reached skill level 5 in Conjurations
  6129 | Temple   | Entered the Ecumenical Temple
  6574 | D:5      | Found an opulent altar of Gozag.
  7856 | D:6      | Reached skill level 5 in Dodging
  7856 | D:6      | Reached XP level 9. HP: 52/52 MP: 12/16
  7882 | D:6      | Reached skill level 5 in Stealth
  7933 | D:6      | Offered knowledge of Ignite Poison by Vehumet.
  7933 | D:6      | Reached skill level 7 in Air Magic
  8850 | D:7      | Reached *** piety under Vehumet
  9415 | D:7      | Learned a level 5 spell: Lightning Bolt
  9429 | D:7      | Found the +9 heavy crossbow "Sniper" {vorpal, Acc+∞ SInv}
  9465 | D:7      | Noticed a two-headed ogre
  9526 | D:6      | Reached skill level 5 in Spellcasting
  9793 | D:7      | Reached skill level 5 in Fighting
  9984 | D:8      | Reached skill level 8 in Air Magic
  9985 | D:8      | Noticed Grum
  9990 | D:8      | Cast into level 2 of the Abyss (Grum)
  9993 | Abyss:2  | Got a distressingly furry scale mail
 10031 | Abyss:2  | Noticed a worldbinder
 10036 | Abyss:2  | Noticed a deep elf archer
 10036 | Abyss:2  | Noticed a deep elf knight
 10037 | Abyss:2  | Noticed a deep elf mage
 10037 | Abyss:2  | Noticed a deep elf mage
 10037 | Abyss:2  | Noticed an ancient zyme
 10045 | D:8      | Escaped the Abyss
 10598 | D:8      | Offered knowledge of Iskenderun's Mystic Blast by Vehumet.
 10666 | D:8      | Reached XP level 10. HP: 59/59 MP: 10/19
 10805 | D:8      | Noticed a two-headed ogre
 10934 | D:8      | Noticed Prince Ribbit
 10986 | D:8      | Mangled by Prince Ribbit

Illustrated notes

Levels and vault maps discovered:
D:1:      dpeg_arrival_simpleton_b, layout_rooms, minmay_worlds_worst_comb
D:2:      layout_loops_cross, nemelex_xobeh_ov_fountains_minmay, minitemple,
          minmay_fractal_squares_gapless_5
D:3:      layout_loops_cross, nicolae_ru_great_annihilating_truth,
          eat_drink_and_be_merry_uskayaw, uniq_natasha
D:4:      layout_basic, lemuel_coloured_pillars_altar
D:5:      layout_rooms, lemuel_round_altar, old_standard_altar,
          minmay_temple_entry_drinking_statues, uniq_menkaure
D:6:      minmay_polygon_palace, layout_loops_ring, minmay_misc_feat_iff
D:7:      minmay_the_grid_plus [minmay_the_grid_mess, minmay_the_grid_odd_star,
          minmay_the_grid_empty, minmay_the_grid_fan,
          minmay_the_grid_prize_trominoes], layout_loops_ring
D:8:      lemuel_castle_with_subvaults [lemuel_castle_interior_carwin_3],
          layout_basic, nicolae_qazlal_style_of_elements, lemuel_round_altar,
          dpeg_oklobed_lair, uniq_grum, uniq_prince_ribbit1
Temple:   dpeg_chambers_temple

Skill      XL: |  1  2  3  4  5  6  7  8  9 |
---------------+----------------------------+-----
Conjurations   | 2 3 4 5 7 |  7.6
Fighting       | 1 2 3 4 5 |  5.5
Dodging        | 3 4 5 6 |  6.5
Shields        | 1 2 3 4 |  4.0
Stealth        | 3 4 5 |  5.0
Air Magic      | 5 6 8 |  8.5
Spellcasting   | 3 4 5 |  5.5

Action                   |  1- 3 |  4- 6 |  7- 9 | 10-12 || total
-------------------------+-------+-------+-------+-------++-------
Melee: Unarmed           |     3 |       |       |       ||     3
       Short sword       |    58 |    58 |    12 |       ||   128
       Kick              |     8 |    14 |    52 |     7 ||    81
       Peck              |     6 |     2 |    32 |     4 ||    44
       Dagger            |       |       |   214 |    16 ||   230
 Cast: Shock             |    49 |    58 |   186 |    10 ||   303
       Static Discharge  |       |     5 |       |     3 ||     8
       Airstrike         |       |       |    15 |     3 ||    18
       Lightning Bolt    |       |       |     8 |     4 ||    12
       Searing Ray       |       |       |     1 |       ||     1
 Abil: Fly               |       |     1 |       |       ||     1
  Use: Scroll            |       |    10 |     1 |     2 ||    13
 Stab: Sleeping          |     4 |     4 |    11 |       ||    19
       Paralysed         |       |     1 |       |       ||     1
Armor: Robe              |    32 |     6 |    31 |       ||    69
Dodge: Dodged            |    82 |    40 |   253 |    36 ||   411
Block: Buckler           |       |    11 |   100 |    13 ||   124

Table legend: (Time is in decaauts)
 A = Elapsed time spent in this place.
 B = Non-inter-level travel time spent in this place.
 C = Inter-level travel time spent in this place.
 D = Time resting spent in this place.
 E = Time spent auto-exploring this place.
 F = Levels seen in this place.
 G = Mean time per level.
                   A        B        C        D        E       F      G
               +--------+--------+--------+--------+--------+-----+--------+
         Total |  10643 |  10296 |    347 |   2786 |   5553 |  10 | 1064.3 |
       Dungeon |  10235 |   9906 |    329 |   2786 |   5215 |   8 | 1279.4 |
        Temple |    357 |    339 |     18 |      0 |    338 |   1 |  357.0 |
         Abyss |     49 |     49 |      0 |      0 |      0 |   1 |   49.0 |
               +--------+--------+--------+--------+--------+-----+--------+

Top non-repeatable levels by time:
     D:6: 1812 daAuts
     D:7: 1803 daAuts
     D:3: 1425 daAuts
     D:4: 1391 daAuts
     D:2: 1261 daAuts
     D:5: 1165 daAuts
     D:1: 957 daAuts
     D:8: 418 daAuts
  Temple: 357 daAuts
 Abyss:2: 49 daAuts
